Map: Kairos Junction LE

Players

goblin - Winner!

  • Race: Protoss Protoss
  • Spawn Location: 11:00

Bleak

  • Race: Terran Terran
  • Spawn Location: 5:00

Event: 2019 WCS Summer

VOD

Have the link to the VOD?

Description

Time

  • Played on: July 12, 2019, 6:12 a.m.
  • Length: 9:51

All games in this series

Show
View Real Time Build Order
Export as new Build Order

goblin Protoss - Winner!

Build Orders: 1 Gate Expand, Phoenix Opening 

Get SALT Encoding   

  12  0:00  Probe  
  13  0:12  Probe  
  14  0:17  Pylon  
  14  0:24  Probe  
  15  0:34  Probe  
  15  0:35  Gateway  
  15  0:42  Probe  
  16  0:48  Assimilator  
  17  0:52  Probe  
  18  1:04  Probe  
  19  1:23  Cybernetics Core  
  19  1:25  Probe  
  20  1:34  Nexus  
  20  1:42  Pylon  
  20  1:46  Probe  
  21  1:50  Adept  
  21  1:54  Assimilator  
  23  2:01  Probe  
  24  2:10  Adept  
  24  2:14  Probe  
  27  2:25  Stargate  
  27  2:26  Probe  
  28  2:38  Probe  
  28  2:51  Probe  
  29  2:52  Probe  
  29  2:54  Adept  
  31  3:00  Probe  
  31  3:01  Warp Gate  
  31  3:03  Probe  
  33  3:08  Probe  
  33  3:09  Phoenix  
  34  3:15  Probe  
  34  3:19  Probe  
  38  3:27  Probe  
  38  3:31  Probe  
  40  3:34  Pylon  
  40  3:39  Probe  
  40  3:40  Phoenix  
  43  3:43  Probe  
  42  3:51  Probe  
  44  3:55  Probe  
  44  4:02  Assimilator  
  44  4:03  Assimilator, Probe  
  44  4:04  Probe, Robotics Facility  
  44  4:07  Phoenix  
  48  4:12  Pylon  
  48  4:13  Probe  
  48  4:15  Probe  
  50  4:22  Probe  
  50  4:27  Probe  
  52  4:34  Probe  
  53  4:39  Probe, Phoenix  
  56  4:46  Probe  
  56  4:48  Gateway  
  56  4:49  Observer, Gateway  
  56  4:51  Pylon  
  56  4:52  Probe  
  58  4:56  Pylon  
  58  4:58  Probe, Robotics Bay  
  60  5:04  Observer, Phoenix, Pylon  
  63  5:18  Sentry  
  63  5:20  Immortal  
  65  5:27  Probe  
  65  5:28  Probe  
  67  5:29  Phoenix  
  73  5:35  Observer  
  73  5:39  Nexus  
  73  5:40  Probe x2  
  75  5:45  Stalker  
  77  5:54  Observer  
  77  5:58  Observer, Phoenix  
  77  6:00  Extended Thermal Lance  
  77  6:01  Probe  
  77  6:02  Probe  
  77  6:03  Colossus, Pylon  
  81  6:12  Zealot x2  
  81  6:14  Probe  
  86  6:25  Probe  
  93  6:26  Probe  
  93  6:30  Pylon  
  94  6:41  Colossus  
  94  6:43  Gateway  
  94  6:45  Gateway  
  94  6:46  Gateway  
  94  6:47  Phoenix  
  94  6:52  Observer, Pylon  
  96  6:55  Pylon  
  102  7:04  Probe x3  
  102  7:08  Zealot  
  107  7:11  Observer  
  107  7:12  Phoenix  
  109  7:16  Probe  
  109  7:17  Colossus  
  116  7:37  Phoenix  
  116  7:38  Forge  
  116  7:39  Forge  
  116  7:42  Zealot x4  
  126  7:46  Twilight Council  
  126  7:47  Assimilator x2  
  126  7:48  Observer, Probe x3, Pylon  
  129  8:02  Observer, Sentry  
  131  8:06  Colossus  
  131  8:09  Observer, Pylon  
  131  8:11  Sentry, Zealot  
  141  8:13  Observer  
  139  8:29  Probe x2  
  141  8:47  Stalker  
  141  8:48  Zealot x2  
  147  8:50  Observer  
  147  8:56  Pylon  
  147  9:05  Pylon  
  147  9:06  Pylon  
  147  9:08  Pylon  
  147  9:10  Pylon  
  147  9:11  Nexus  
  147  9:12  Pylon  
  153  9:18  Shield Battery x3, Pylon  
  153  9:19  Shield Battery  
  153  9:20  Shield Battery x2  
  153  9:21  Shield Battery  
  153  9:22  Shield Battery x2  
  153  9:25  Observer  
  137  9:39  Stalker x5  
  137  9:42  Zealot  
Show
View Real Time Build Order
Export as new Build Order

Bleak Terran 

Build Orders: Gas First Reaper Expand 

Get SALT Encoding   

  12  0:00  SCV  
  13  0:13  SCV  
  14  0:17  Supply Depot  
  14  0:25  SCV  
  15  0:28  Refinery  
  15  0:38  SCV  
  16  0:45  Barracks  
  16  0:50  SCV  
  17  1:03  SCV  
  18  1:15  SCV  
  19  1:32  Orbital Command, Reaper  
  20  1:49  Command Center  
  20  1:58  SCV  
  21  2:05  Factory  
  21  2:09  Barracks Reactor  
  21  2:11  SCV  
  22  2:17  Supply Depot  
  22  2:23  SCV  
  23  2:31  Refinery  
  23  2:39  SCV  
  24  2:46  Marine x2  
  24  2:51  Widow Mine, SCV  
  27  3:03  SCV  
  27  3:04  Starport  
  28  3:05  Supply Depot  
  28  3:10  Marine  
  29  3:15  SCV  
  29  3:19  Marine  
  31  3:27  Widow Mine, SCV  
  34  3:37  Marine x2  
  34  3:39  SCV  
  37  3:41  Medivac  
  39  3:53  SCV  
  39  3:55  Marine  
  39  3:58  Factory Tech Lab  
  39  4:11  Marine, SCV  
  39  4:12  Marine  
  42  4:23  SCV  
  43  4:25  Barracks x2  
  42  4:35  SCV  
  42  4:42  Orbital Command  
  40  4:46  Raven  
  40  4:47  SCV  
  45  4:52  Widow Mine  
  45  4:54  Marine  
  46  5:01  Marine  
  46  5:02  Bunker  
  46  5:04  SCV  
  48  5:08  SCV  
  48  5:12  Marine  
  50  5:16  SCV  
  50  5:18  Barracks Tech Lab  
  50  5:19  Widow Mine  
  50  5:20  SCV  
  54  5:28  SCV  
  52  5:30  Supply Depot  
  52  5:32  Engineering Bay, SCV  
  53  5:40  SCV  
  53  5:41  Factory Reactor, Stimpack  
  54  5:44  Starport Reactor, SCV  
  55  5:52  Combat Shield, SCV  
  55  5:53  Marauder x2  
  55  5:57  SCV  
  58  6:00  Terran Infantry Weapons Level 1  
  58  6:04  Marine, SCV  
  58  6:05  Marine  
  58  6:09  Refinery, SCV  
  60  6:16  SCV  
  61  6:19  Widow Mine  
  61  6:20  Widow Mine  
  61  6:21  SCV, Supply Depot  
  61  6:24  Marine x2  
  70  6:25  Marauder  
  70  6:37  Supply Depot  
  70  6:42  Marine, SCV, Medivac x2  
  70  6:43  Marauder  
  78  6:53  Supply Depot  
  78  6:54  Supply Depot  
  78  6:58  Marine, Marauder  
  78  6:59  Widow Mine, SCV x2  
  78  7:00  Marine  
  84  7:03  Widow Mine  
  84  7:06  Supply Depot  
  86  7:15  Marauder  
  88  7:16  Marine  
  88  7:18  Marine  
  88  7:19  Marauder  
  88  7:20  Widow Mine  
  94  7:24  Widow Mine  
  96  7:34  Marine  
  96  7:35  SCV  
  96  7:36  Marine x2  
  98  7:39  Medivac x2  
  98  7:41  Concussive Shells, Marauder  
  98  7:42  Widow Mine  
  105  7:52  Marine  
  105  7:53  Barracks, Marine  
  105  7:54  Barracks, Marine, Refinery  
  106  8:02  Marauder  
  108  8:09  Widow Mine x2  
  108  8:10  Marine, Medivac x2  
  108  8:11  Marine  
  118  8:13  Marine  
  113  8:20  SCV  
  113  8:25  Marauder  
  112  8:27  Marine  
  112  8:29  Marine  
  112  8:30  SCV  
  112  8:31  Widow Mine x2  
  112  8:32  SCV  
  120  8:41  Barracks Tech Lab, Barracks Reactor  
  120  8:43  Marauder  
  120  8:45  Marine  
  120  8:47  Marine, Marauder  
  126  9:01  Marauder  
  124  9:03  Marine  
  124  9:04  Marauder  
  124  9:05  Marine  
  124  9:07  Marine  
  129  9:13  Supply Depot  
  129  9:21  Marine  
  129  9:22  Marine  
  129  9:23  Marine, Marauder  
  134  9:28  Marauder x2  
Tags
 
Add a new tag
Caveats
  • Supply blocks, unpowered buildings, or Contaminate may cause inaccurate times.
  • Supply counts are checked every 10 seconds.